 Dungeon Crawl Stone Soup version 0.22.1-2-g9c5b331 (webtiles) character file.

52 Gearfox the Magician (level 3, -7/20 HPs)
             Began as a Deep Elf Fire Elementalist on Dec 11, 2018.
             Was an Initiate of Vehumet.
             Engulfed by a cloud of flame (27 damage)
             ... on level 2 of the Dungeon.
             The game lasted 00:05:16 (2811 turns).

Gearfox the Magician (Deep Elf Fire Elementalist)   Turns: 2811, Time: 00:05:17

Health: -7/20      AC:  2    Str:  5    XL:     3   Next: 60%
Magic:  10/10      EV: 13    Int: 20    God:    Vehumet [......]
Gold:   59         SH:  0    Dex: 15    Spells: 7/10 levels left

rFire    . . .     SeeInvis .   i - +1 whip
rCold    . . .     Gourm    .   (no shield)
rNeg     . . .     Faith    .   a - +0 robe
rPois    .         Spirit   .   (no helmet)
rElec    .         Reflect  .   (no cloak)
rCorr    .         Harm     .   (no gloves)
MR       .....                  (no boots)
Stlth    ++........             (no amulet)
HPRegen  0.06/turn              (no ring)
MPRegen  0.12/turn              (no ring)

@: no status effects
A: no striking features
a: Renounce Religion


You were on level 2 of the Dungeon.
You worshipped Vehumet.
Vehumet was noncommittal.
You were hungry.

You visited 1 branch of the dungeon, and saw 2 of its levels.

You collected 59 gold pieces.

Inventory:

Hand Weapons
 i - a +1 whip (weapon)
Missiles
 d - 85 stones (quivered)
Armour
 a - a +0 robe (worn)
Scrolls
 b - a scroll of remove curse
 h - a scroll of amnesia {unknown}
Potions
 e - a potion of degeneration {unknown}
 g - a potion of heal wounds {unknown}
 j - a potion of might {unknown}
Comestibles
 c - 3 rations


   Skills:
 * Level 0.9 Fighting
 - Level 2.4 Dodging
 - Level 2.4 Stealth
 * Level 4.3 Spellcasting
 + Level 1.7 Conjurations
 + Level 3.7 Fire Magic


You had 7 spell levels left.
You knew the following spells:

 Your Spells              Type           Power        Failure   Level  Hunger
a - Flame Tongue          Conj/Fire      ###..        4%          1    None
b - Throw Flame           Conj/Fire      ###...       6%          2    #......

Your spell library contained the following spells:

 Spells                   Type           Power        Failure   Level  Hunger
 Conjure Flame            Conj/Fire      ###.....     12%         3    ###....
 Inner Flame              Hex/Fire       ##......     17%         3    ###....
 Sticky Flame             Conj/Fire      ###.....     38%         4    ####...
 Fireball                 Conj/Fire      ###.......   75%         5    ######.


Dungeon Overview and Level Annotations

Branches:
Dungeon (2/15)

Altars:
Vehumet


Message History

* * * LOW HITPOINT WARNING * * *
You start resting.
Magic restored.
You start resting.
Some of the chunks of flesh in your inventory have rotted away.
You start resting.
Some of the chunks of flesh in your inventory have rotted away. x2
All of the chunks of flesh in your inventory have rotted away.
You are feeling hungry.
You start resting.
HP restored.
Really walk into a travel-excluded area? [Y]es or [N]o only, please.
Really walk into a travel-excluded area?
There is a radiant altar of Vehumet here.
You kneel at the altar of Vehumet.
Vehumet welcomes you!
You are engulfed in blazing flames.
Ouch! That really hurt!
You die...

##### #####
....###...####
#..##(.....# ##
##......§§.§#####
#.
#........@.§.....#
#.
##...#..§.§.####.#
#.
##.##..§...####.#
#. #.#########.....
..# #. #.#
##.#.##.# #.# #.
##'## ##....##.#
#.# #.
##...####.....##.#
#.# #.
##.....##.........#
#.# #.
#........÷.[.....##
#.# #.


There were no monsters in sight!

Vanquished Creatures
  2 worms
  2 leopard geckos
  3 bats
  2 giant cockroaches (D:1)
  9 goblins
  5 hobgoblins (D:1)
  3 jackals (D:1)
  3 ball pythons
  2 frilled lizards (D:2)
  5 kobolds
  6 rats
42 creatures vanquished.

Notes
Turn   | Place    | Note
-------+----------+-------------------------------------------
     0 | D:1      | Gearfox the Deep Elf Fire Elementalist began the quest for
                  | the Orb.
     0 | D:1      | Reached XP level 1. HP: 10/10 MP: 6/6
   164 | D:1      | Reached XP level 2. HP: 15/15 MP: 4/8
   172 | D:1      | Learned a level 2 spell: Throw Flame
  1100 | D:1      | Reached skill level 4 in Spellcasting
  1100 | D:1      | Reached XP level 3. HP: 20/20 MP: 6/10
  2467 | D:2      | Found a radiant altar of Vehumet.
  2482 | D:2      | HP: 1/20 [something (19)]
  2811 | D:2      | Became a worshipper of Vehumet
  2811 | D:2      | Engulfed by a cloud of flame

Skill      XL: |  1  2 |
---------------+-------+-----
Spellcasting   | 4 |  4.3
Fighting       | |  0.9
Dodging        | |  2.4
Stealth        | |  2.4
Conjurations   | |  1.7
Fire Magic     | |  3.7

Action                   || total
-------------------------++-------
Melee: Unarmed           ||     6
       Whip              ||     1
 Cast: Flame Tongue      ||    28
       Throw Flame       ||    42
  Use: Scroll            ||     3
 Stab: Distracted        ||     1
  Eat: Chunk             ||     6
Armor: Robe              ||     5
Dodge: Dodged            ||    22
